AoeStats
← svizzeros

Arabia

508516398Analyzed
4v4 RM · 8d ago on Sep 22, 2026· 44m 16s· 8 players
Game mode
Random Map
Map size
Large (8 player)
Population
200
Speed
Normal
Resources
Standard
Victory
Conquest
Starting age
Dark Age
Ending age
Imperial Age
RankedLock teamsTeams togetherTeam positionsShared explorationLock speedFull tech treeHidden civsTurbo modeCheats
Victory
Defeat
🇫🇷 Saxons · France
911
+8
🇨🇳 Mongols · China
724
+15
🇹🇷 Khmer · Türkiye
715
+16
🇫🇷 Slavs · France
703
+16
🇮🇹 Sicilians · Italy
789
-17
🇮🇹 Goths · Italy
717
-14
🇮🇹 Dravidians · Italy
670
-12
🇮🇹 Persians · Italy
668
-12
maxoog93
2:21 Loom
11:59 Feudal Age
12:49 Double-Bit Axe
12:51 Horse Collar
15:18 Forging
20:21 Castle Age
20:40 Forging
20:59 Scale Barding Armor
22:20 Light Cavalry
26:02 Heavy Plow
27:50 Bow Saw
28:46 Wheelbarrow
29:23 Gold Mining
30:12 Hand Cart
30:06 Husbandry
31:53 Iron Casting
31:38 Chain Barding Armor
33:48 Bloodlines
36:35 Fletching
37:26 Gold Shaft Mining
37:00 Detinets
37:28 Stone Mining
41:51 Imperial Age
40:08 Bodkin Arrow
42:52 Conscription
41:58 Hussar
45:19 Blast Furnace
44:55 Plate Barding Armor
Soldat_Ultime0
2:01 Loom
12:22 Feudal Age
15:14 Double-Bit Axe
15:12 Horse Collar
19:08 Castle Age
17:24 Arson
18:59 Forging
20:08 Gold Mining
25:16 Stone Mining
35:17 Squires
35:03 Gambesons
35:32 Heavy Plow
36:26 Scale Mail Armor
39:57 Wheelbarrow
40:29 Iron Casting
44:24 Imperial Age
xporx57248
0:34 Loom
11:56 Feudal Age
14:30 Double-Bit Axe
16:52 Castle Age
16:25 Stone Mining
16:21 Horse Collar
17:57 Heavy Plow
22:07 Gold Mining
26:04 Bow Saw
27:37 Wheelbarrow
27:03 Fletching
27:40 Bodkin Arrow
28:48 Gold Shaft Mining
29:46 Hand Cart
30:20 Padded Archer Armor
35:55 Imperial Age
35:35 Nomads
39:30 Conscription
38:37 Elite Mangudai
38:58 Capped Ram
41:00 Drill
40:03 Siege Ram
40:50 Bracer
41:05 Leather Archer Armor
TheImam™
2:18 Loom
11:15 Feudal Age
17:34 Castle Age
15:42 Double-Bit Axe
15:50 Horse Collar
16:54 Gold Mining
17:10 Stone Mining
19:57 Bow Saw
19:58 Heavy Plow
24:06 Husbandry
24:17 Bloodlines
25:09 Wheelbarrow
25:58 Stone Shaft Mining
25:59 Gold Shaft Mining
29:28 Hand Cart
32:10 Imperial Age
33:54 Crop Rotation
33:36 Scale Barding Armor
33:42 Forging
33:32 Padded Archer Armor
33:23 Fletching
34:14 Conscription
35:52 Chemistry
34:58 Siege Engineers
35:20 Elite Battle Elephant
37:26 Double Crossbow
40:04 Tusk Swords
39:26 Elite Ballista Elephant
42:29 Chain Barding Armor
42:45 Iron Casting
andresbuccio
2:01 Loom
11:44 Feudal Age
15:56 Horse Collar
16:04 Double-Bit Axe
19:17 Wheelbarrow
20:02 Town Watch
27:42 Forging
27:23 Fletching
27:40 Stone Mining
30:49 Castle Age
28:23 Man-at-Arms
29:08 Scale Mail Armor
29:10 Padded Archer Armor
32:19 Stone Mining
32:23 Gold Mining
32:51 Hand Cart
32:52 Bow Saw
32:46 Pikeman
34:24 Iron Casting
34:52 Heavy Plow
35:02 Caravan
37:03 Town Patrol
Palanca89
10:02 Loom
11:49 Feudal Age
12:56 Horse Collar
13:05 Double-Bit Axe
21:35 Castle Age
19:31 Gold Mining
19:35 Stone Mining
20:07 Scale Mail Armor
24:43 Heavy Plow
24:56 Bow Saw
27:22 Squires
29:21 Pikeman
30:54 Anarchy
33:52 Chain Mail Armor
33:48 Forging
38:31 Iron Casting
svizzeros
1:02 Loom
13:21 Feudal Age
14:05 Double-Bit Axe
15:22 Gold Mining
15:23 Stone Mining
16:03 Horse Collar
24:28 Castle Age
37:11 Bow Saw
37:04 Heavy Plow
marcipisano
13:58 Feudal Age
20:10 Wheelbarrow
19:31 Horse Collar
19:39 Double-Bit Axe
20:03 Gold Mining
21:00 Man-at-Arms
27:30 Castle Age
29:13 Pikeman
32:40 Hand Cart
32:24 Elite Skirmisher
40:50 Bow Saw
40:42 Heavy Plow
Connection lost

Rejoining the realm…

Still unreachable

The connection could not be restored.

Session expired

The server has moved on; the page needs a fresh start.